 Dungeon Crawl Stone Soup version 0.21-a0-352-g5b8f553 (webtiles) character file.

1633 richardnixon the Cleaver (level 8, 0/64 HPs)
             Began as a Hill Orc Monk on Oct 10, 2017.
             Was a Believer of Makhleb.
             Slain by Crazy Yiuf
             ... wielding a +2 quarterstaff of chaos
              (3 damage)
             ... on level 6 of the Dungeon.
             The game lasted 00:11:42 (5616 turns).

richardnixon the Cleaver (Hill Orc Monk)            Turns: 5616, Time: 00:11:42

Health: 0/64       AC:  8    Str: 16    XL:     8   Next: 98%
Magic:  13/13      EV:  9    Int: 10    God:    Makhleb [**....]
Gold:   202        SH:  6    Dex: 13    Spells: 7/7 levels left

rFire    . . .     SeeInvis .   a - +0 hand axe
rCold    . . .     Gourm    .   h - +0 buckler
rNeg     . . .     Faith    .   d - +0 scale mail
rPois    .         Spirit   .   (no helmet)
rElec    .         Reflect  +   k - +1 cloak
rCorr    .         Harm     .   (no gloves)
MR       +....                  (no boots)
Stlth    ..........             y - +3 amulet of reflection
HPRegen  0.20/turn              w - ring of protection from magic {MR+, !d}
MPRegen  0.13/turn              (no ring)

@: lethally poisoned (0 -> -7)
A: no striking features
a: Minor Destruction, Renounce Religion


You were on level 6 of the Dungeon.
You worshipped Makhleb.
Makhleb was pleased with you.
You were not hungry.

You visited 2 branches of the dungeon, and saw 7 of its levels.

You collected 241 gold pieces.
You spent 39 gold pieces at shops.

Inventory:

Hand Weapons
 a - a +0 hand axe (weapon)
Armour
 d - a +0 scale mail (worn)
   (You found it on level 1 of the Dungeon)
 h - a +0 buckler (worn)
   (You found it on level 1 of the Dungeon)
 k - a +1 cloak (worn)
   (You found it on level 1 of the Dungeon)
Jewellery
 p - an uncursed amulet of the gourmand {Gourm, !d}
   (You found it on level 2 of the Dungeon)
 w - a ring of protection from magic (left hand) {MR+, !d}
   (You found it on level 5 of the Dungeon)
 y - a +3 amulet of reflection (around neck)
   (You found it on level 6 of the Dungeon)
 z - an uncursed ring of ice {unknown}
   (You found it on level 6 of the Dungeon)
Wands
 u - a wand of lightning (2/15)
   (You found it on level 5 of the Dungeon)
 B - a wand of flame (30/48)
   (You found it on level 6 of the Dungeon)
 C - a wand of acid (6/15)
   (You found it on level 6 of the Dungeon)
Scrolls
 g - a scroll of amnesia {unknown}
 j - a scroll of fear
 m - a scroll of remove curse
 o - 2 scrolls of teleportation
 v - 2 scrolls of enchant armour
Potions
 e - 2 potions of flight
 f - a potion of ambrosia
 i - a potion of curing
 n - a potion of mutation {!q}
 q - a potion of agility
 r - a potion of heal wounds
 t - a potion of lignification {!q}
Books
 s - a book of Minor Magic
   (You found it on level 6 of the Dungeon)
Comestibles
 b - a royal jelly
 c - 6 bread rations {@e1}
 l - 6 fruits
 x - 2 meat rations {@e2}


   Skills:
 - Level 3.6 Fighting
 + Level 12.6 Axes
 - Level 2.4 Dodging
 - Level 1.5 Stealth
 + Level 7.1 Invocations


You had 7 spell levels left.
You didn't know any spells.

Dungeon Overview and Level Annotations

Branches:
Dungeon (6/15)             Temple (1/1) D:5

Altars:
Ashenzari
Cheibriados
Dithmenos
Elyvilon
Fedhas
Gozag
Hepliaklqana
Kikubaaqudgha
Makhleb
Nemelex Xobeh
Okawaru
Qazlal
Ru
Sif Muna
Trog
Uskayaw
Vehumet
Wu Jian
Xom
Yredelemnul
Zin
The Shining One

Shops:
D:4 !   D:5 :

Annotations:
D:6 Crazy Yiuf


Message History

You reflect the arrow off an invisible shield around you!
The arrow hits the centaur.
The centaur shoots an arrow.
The arrow closely misses you.
The centaur shoots an arrow.
The arrow hits you.
You see here an arrow.
You take 2 damage, and have 62/64 hp.
The centaur unwields an uncursed shortbow.
The centaur hits you but does no damage.
You hit the centaur. The centaur hits you.
You take 5 damage, and have 57/64 hp.
You hit the centaur. You block the centaur's attack.
You hit the centaur but do no damage.
The centaur hits you but does no damage.
You barely miss the centaur. You block the centaur's attack.
You slash the centaur!
The centaur hits you but does no damage.
You completely miss the centaur.
The centaur hits you but does no damage.
You hit the centaur but do no damage. The centaur barely misses you.
You hit the centaur. The centaur barely misses you.
You hit the centaur.
You kill the centaur!
Makhleb accepts your kill.
Your Invocations skill increases to level 7!
No target in view!
Things that are here:
an uncursed shortbow; 7 arrows; a centaur corpse You start resting.
Health restored: 64 You see here an arrow.
You open the door.
There is an open door here.
There is a stone staircase leading down here.
You see here a dagger.
You open the door.
Crazy Yiuf the Enlightened comes into view.
He is wielding a quarterstaff of chaos.
Crazy Yiuf shouts!
Aim: Crazy Yiuf, wielding a quarterstaff of chaos and wearing an embroidered cloak Crazy Yiuf struggles to resist.
You take 1 damage, and have 63/64 hp.
Aim: Crazy Yiuf, wielding a quarterstaff of chaos and wearing an embroidered cloak The stone arrow hits Crazy Yiuf.
You take 1 damage, and have 62/64 hp.
You closely miss Crazy Yiuf. You hit Crazy Yiuf but do no damage.
Crazy Yiuf hits you with a quarterstaff of chaos.
You take 6 damage, and have 56/64 hp.
You hit Crazy Yiuf.
Crazy Yiuf hits you with a quarterstaff of chaos.
Crazy Yiuf burns you.
You take 4 damage, and have 52/64 hp.
You hit Crazy Yiuf but do no damage. You hit Crazy Yiuf.
Crazy Yiuf hits you but does no damage.
You barely miss Crazy Yiuf. You block Crazy Yiuf's attack.
You hit Crazy Yiuf but do no damage. You closely miss Crazy Yiuf.
Crazy Yiuf barely misses you.
You barely miss Crazy Yiuf.
Crazy Yiuf hits you with a quarterstaff of chaos.
You are confused.
You take 6 damage, and have 46/64 hp.
You bump into the tree.
You barely miss Crazy Yiuf.
Crazy Yiuf hits you with a quarterstaff of chaos.
You take 1 damage, and have 46/64 hp.
You hit Crazy Yiuf but do no damage. Crazy Yiuf hits you but does no damage.
You are slowing down.
Okay, then.
You bump into the stone wall.
Crazy Yiuf hits you with a quarterstaff of chaos.
Crazy Yiuf freezes you.
Your limbs are stiffening.
You take 3 damage, and have 43/64 hp.
You bump into the tree.
Crazy Yiuf hits you with a quarterstaff of chaos.
You are poisoned.
You have turned to stone.
You feel less confused.
Crazy Yiuf hits you with a quarterstaff of chaos.
Crazy Yiuf hits you with a quarterstaff of chaos.
You suddenly lose the ability to move!
Crazy Yiuf hits you with a quarterstaff of chaos.
Crazy Yiuf barely misses you.
Crazy Yiuf hits you with a quarterstaff of chaos.
Crazy Yiuf burns you.
Crazy Yiuf hits you with a quarterstaff of chaos.
Crazy Yiuf hits you with a quarterstaff of chaos!
Crazy Yiuf burns you.
Crazy Yiuf hits you with a quarterstaff of chaos.
Space warps horribly around you!
* * * LOW HITPOINT WARNING * * *
You turn to flesh and can move again.
You take 30 damage, and have 13/64 hp.
MASSIVE DAMAGE!!
You hit Crazy Yiuf but do no damage.
You feel sick.
You take 1 damage, and have 12/64 hp.
You closely miss Crazy Yiuf.
You feel sick.
Crazy Yiuf hits you with a quarterstaff of chaos!
* * * LOW HITPOINT WARNING * * *
Crazy Yiuf burns you.
You die...

#..........#######.#.#.#
#..........#
#.#.#.#########
#...[......#
#.#.#.#.......#
........####
#######....>#.#
######.## #.†...#.# ####
#.## #.###.#.#
...###..##♣♣ ### #.#
#.#.# ...........♣♣
♣♣#..)# #.###.#.#
...###......♣♣♣♣@g...#
#.#.....##
.............♣..♣#...#
#.#.#.....
#.######....♣.♣♣♣ ###
#.#.###### .....#
###♣♣♣♣♣ #.#.# ##.#.#
#.#.# #.#.# #######
#<#.# #.#.#
#.....###########.#.#
#...#
#.....#...........#.#
##..#
####..#.###########.#


You could see Crazy Yiuf.

Vanquished Creatures
  The ghost of Theed the Carver, an amateur MiGl of the Shining One (D:5)
  Grinder (D:5)
  Menkaure (D:5)
  An ogre (D:6)
  A necrophage (D:4)
  A sky beast (D:5)
  A centaur (D:6)
  2 bullfrogs (D:6)
  2 scorpions (D:4)
  A howler monkey (D:4)
  2 crimson imps
  2 hounds
  A centaur skeleton (D:6)
  Ijyb (D:3)
  2 worker ants
  A howler monkey zombie (D:5)
  4 gnolls (D:4)
  10 adders
  A howler monkey skeleton (D:6)
  2 shadow imps
  An ooze (D:6)
  An adder skeleton (D:6)
  A worm (D:3)
  2 dart slugs (D:3)
  4 leopard geckos
  An orc (D:4)
  5 giant cockroaches
  6 hobgoblins
  16 jackals
  4 quokkas
  2 ball pythons
  10 bats
  11 frilled lizards
  A giant cockroach zombie (D:5)
  4 goblins
  8 kobolds
  A leopard gecko skeleton (D:4)
  A leopard gecko zombie (D:5)
  7 rats
124 creatures vanquished.

Notes
Turn   | Place    | Note
-------+----------+-------------------------------------------
     0 | D:1      | richardnixon the Hill Orc Monk began the quest for the Orb.
     0 | D:1      | Reached XP level 1. HP: 19/19 MP: 1/1
   121 | D:1      | Reached XP level 2. HP: 21/26 MP: 2/2
   501 | D:2      | Reached skill level 5 in Axes
   589 | D:2      | Reached XP level 3. HP: 31/31 MP: 3/3
   816 | D:2      | Reached skill level 6 in Axes
   853 | D:2      | Reached XP level 4. HP: 35/39 MP: 4/4
  1269 | D:3      | Reached skill level 7 in Axes
  1269 | D:3      | Reached XP level 5. HP: 32/45 MP: 5/5
  1813 | D:3      | Noticed Ijyb
  1841 | D:3      | Killed Ijyb
  1841 | D:3      | Reached skill level 8 in Axes
  2302 | D:4      | Reached XP level 6. HP: 51/51 MP: 6/6
  2359 | D:4      | HP: 12/51 [worker ant (1)]
  2363 | D:4      | Reached skill level 9 in Axes
  2364 | D:4      | HP: 10/51 [poisoned by a worker ant]
  2371 | D:4      | HP: 8/51 [poisoned by a worker ant]
  2378 | D:4      | HP: 7/51 [poisoned by a worker ant]
  2386 | D:4      | HP: 6/51 [poisoned by a worker ant]
  2837 | D:4      | Found Afonip's Distillery.
  2871 | D:4      | Noticed a necrophage
  2887 | D:4      | Killed a necrophage
  2887 | D:4      | Reached skill level 10 in Axes
  2887 | D:4      | Reached XP level 7. HP: 47/57 MP: 7/7
  2950 | D:4      | Bought a potion of curing for 39 gold pieces
  3303 | D:4      | Found a hazy altar of Hepliaklqana.
  3353 | D:5      | Entered Level 5 of the Dungeon
  3353 | D:5      | Noticed Theed's ghost (amateur MiGl)
  3629 | D:5      | Found a staircase to the Ecumenical Temple.
  3647 | Temple   | Entered the Ecumenical Temple
  3791 | Temple   | Became a worshipper of Makhleb the Destroyer
  3791 | Temple   | Reached * piety under Makhleb
  3791 | Temple   | Reached ** piety under Makhleb
  3927 | D:5      | Killed Theed's ghost
  3927 | D:5      | Reached skill level 11 in Axes
  3927 | D:5      | Reached skill level 3 in Invocations
  3984 | D:5      | Reached XP level 8. HP: 56/64 MP: 10/10
  4212 | D:5      | Noticed Grinder
  4221 | D:5      | Killed Grinder
  4221 | D:5      | Reached skill level 4 in Invocations
  4248 | D:5      | Found Situkipn's Book Emporium.
  4271 | D:5      | Noticed Menkaure
  4281 | D:5      | Killed Menkaure
  4281 | D:5      | Reached skill level 5 in Invocations
  4656 | D:6      | Reached skill level 12 in Axes
  4877 | D:6      | Found a runed door.
  4924 | D:6      | Reached skill level 6 in Invocations
  5484 | D:6      | Reached skill level 7 in Invocations
  5590 | D:6      | Noticed Crazy Yiuf
  5608 | D:6      | Paralysed by Crazy Yiuf for 6 turns
  5614 | D:6      | HP: 13/64 [Crazy Yiuf/quarterstaff of chaos (9)]
  5616 | D:6      | HP: 3/64 [Crazy Yiuf/quarterstaff of chaos (8)]
  5616 | D:6      | Slain by Crazy Yiuf

Vault maps used:
D:1:      mrwooster_arrival_statue_2, serial_glass, glass_columns_b,
          glass_columns_c, glass_columns_b, glass_columns_c, glass_columns_a,
          glass_columns_a, due_unseen_surprise, serial_park_tiny_2
D:3:      uniq_ijyb
D:4:      lemuel_coloured_pillars_altar, serial_shops, shop
D:5:      minmay_temple_entry_statues_fountains, first_bread, serial_shops,
          shop, uniq_grinder, uniq_menkaure
D:6:      uniq_crazy_yiuf_cottage
Temple:   dpeg_three_leaves_temple

Skill      XL: |  1  2  3  4  5  6  7  8 |
---------------+-------------------------+-----
Axes           | 5 6 7 8 10 11 12 | 12.6
Invocations    | 3 7 |  7.1
Fighting       | |  3.6
Dodging        | |  2.4
Stealth        | |  1.5

Action                   |  1- 3 |  4- 6 |  7- 9 || total
-------------------------+-------+-------+-------++-------
Melee: Hand axe          |    93 |   363 |   252 ||   708
Invok: Minor Destruction |       |       |    12 ||    12
  Use: Scroll            |       |     8 |     5 ||    13
       Potion            |       |       |     1 ||     1
  Eat: Chunk             |       |     8 |     6 ||    14
       Fruit             |       |       |     2 ||     2
Armor: Scale mail        |    36 |   127 |    88 ||   251
Dodge: Dodged            |    37 |   142 |    64 ||   243
Block: Buckler           |    17 |    49 |    38 ||   104
       Reflection        |       |       |     1 ||     1

Table legend:
 A = Spawn XP
 B = Non-spawn XP
 C = Spawn XP percentage of total XP
 D = Spawn monster count
 E = Non-spawn monster count
 F = Spawn count percentage of total count
 G = Total turns spent on level
                    A         B        C        D         E        F      G
               +---------+---------+-------+---------+---------+-------+---------
         Total |       0 |    2334 |   0.0 |       0 |     124 |   0.0 |  5616
               +---------+---------+-------+---------+---------+-------+---------
           D:1 |       0 |      15 |   0.0 |       0 |      13 |   0.0 |   493
           D:2 |       0 |      77 |   0.0 |       0 |      22 |   0.0 |   551
           D:3 |       0 |     153 |   0.0 |       0 |      31 |   0.0 |  1024
           D:4 |       0 |     503 |   0.0 |       0 |      24 |   0.0 |  1311
           D:5 |       0 |    1007 |   0.0 |       0 |      18 |   0.0 |  1080
           D:6 |       0 |     579 |   0.0 |       0 |      16 |   0.0 |  1005
               +---------+---------+-------+---------+---------+-------+---------

Vault maps used:
D:1:      mrwooster_arrival_statue_2, serial_glass, glass_columns_b,
          glass_columns_c, glass_columns_b, glass_columns_c, glass_columns_a,
          glass_columns_a, due_unseen_surprise, serial_park_tiny_2
D:3:      uniq_ijyb
D:4:      lemuel_coloured_pillars_altar, serial_shops, shop
D:5:      minmay_temple_entry_statues_fountains, first_bread, serial_shops,
          shop, uniq_grinder, uniq_menkaure
D:6:      uniq_crazy_yiuf_cottage
Temple:   dpeg_three_leaves_temple

Table legend:
 A = Turns spent in this place as a percentage of turns spent in the entire game.
 B = Non-inter-level travel turns spent in this place as a percentage of non-inter-level travel turns spent in the entire game.
 C = Inter-level travel turns spent in this place as a percentage of turns spent in this place.
 D = Turns resting spent in this place as a percentage of non-inter-level travel turns spent in this place.
 E = Turns spent auto-exploring this place as a percentage of non-inter-level travel turns spent in this place.
 F = Non-inter-level travel turns spent in this place divided by the number of levels of this place that you've seen.
                   A       B       C       D       E      F
               +-------+-------+-------+-------+-------+----------------------
         Total | 100.0 | 100.0 |   4.4 |  25.6 |  50.8 | 767.1
       Dungeon |  97.3 |  97.3 |   4.4 |  26.3 |  51.0 | 870.7
        Temple |   2.7 |   2.7 |   3.9 |   0.0 |  44.5 | 146.0
               +-------+-------+-------+-------+-------+----------------------

Table legend:
 A = Kills in this place as a percentage of kills in entire the game.
 B = Kills by you in this place as a percentage of kills by you in the entire game.
 C = Kills by friends in this place as a percentage of kills by friends in the entire game.
 D = Other kills in this place as a percentage of other kills in the entire game.
 E = Experience gained in this place as a percentage of experience gained in the entire game.
 F = Experience gained in this place divided by the number of levels of this place that you have seen.
                   A       B       C       D       E      F
               +-------+-------+-------+-------+-------+----------------------
         Total | 100.0 | 100.0 |   N/A |   N/A | 100.0 | 333.4
       Dungeon | 100.0 | 100.0 |   N/A |   N/A | 100.0 | 389.0
               +-------+-------+-------+-------+-------+----------------------
